 Dungeon Crawl Stone Soup version 0.14.0-12-g87ee3b7 (webtiles) character file.

17413 Leibowitz the Covert (level 12, -20/77 HPs)
             Began as a Kobold Gladiator on Apr 15, 2014.
             Was a Believer of Dithmenos.
             Killed from afar by a frost giant (24 damage)
             ... with a bolt of cold
             ... in an ice cave.
             The game lasted 01:17:15 (15971 turns).

Leibowitz the Covert (Kobold Gladiator)            Turns: 15971, Time: 01:17:16

HP -20/77        AC  8     Str 16      XL: 12   Next: 74%
MP   0/16        EV 26     Int  6      God: Dithmenos [**....]
Gold 627         SH  0     Dex 19      Spells:  0 memorised, 11 levels left

rFire  . . .     SeeInvis +     a - +0,+2 short sword (elec)
rCold  . . .     Clarity  .     E - +0 leather armour
rNeg   + . .     Conserve .     (no shield)
rPois  .         rCorr    .     c - +0 helmet
rElec  .         rRot     .     y - +1 cloak
SustAb . .       Spirit   +     t - +0 pair of gloves
rMut   .         Warding  .     z - +0 pair of boots
Saprov + + .     Stasis   .     h - amulet of guardian spirit
MR     .....                    r - ring of see invisible
                                j - ring of positive energy

@: about to teleport, wreathed by umbra, not resistant to hostile enchantments,
extraordinarily stealthy
A: disease resistance, carnivore 3, saprovore 2, evolution 1
a: Shadow Step, Renounce Religion


You were in an ice cave.
You worshipped Dithmenos.
Dithmenos was pleased with you.
You were completely stuffed.

You visited 3 branches of the dungeon, and saw 12 of its levels.
You also visited: Ice Cave.

You collected 627 gold pieces.

Inventory:

Hand weapons
 a - a +0,+2 short sword of electrocution (weapon)
 b - a +0 blowgun
 u - a +1,+2 dagger of protection
 G - a +1,+1 cutlass
Missiles
 p - 37 poisoned needles
 s - a throwing net (quivered)
 A - 21 stones
Armour
 c - a +0 helmet (worn)
 t - a +0 pair of gloves (worn)
 y - a +1 cloak (worn)
 z - a +0 pair of boots (worn)
 E - a +0 leather armour (worn)
Magical devices
 H - a wand of slowing (16)
 I - a wand of paralysis (5)
Comestibles
 f - 6 meat rations
 x - a beef jerky
Scrolls
 e - 8 scrolls of identify
 m - 2 scrolls of magic mapping
 n - a scroll of enchant weapon II
 q - 2 scrolls of enchant armour
 D - 2 scrolls of remove curse
Jewellery
 d - an uncursed ring of flight
 h - an amulet of guardian spirit (around neck)
 j - a ring of positive energy (left hand)
 r - a ring of see invisible (right hand)
 v - an uncursed ring of sustain abilities
 C - an uncursed amulet of faith
 L - an uncursed ring of sustain abilities


   Skills:
 * Level 9.9 Fighting
 + Level 11.4 Short Blades
 - Level 2.6 Throwing
 + Level 13.9 Dodging
 + Level 14.3 Stealth
 + Level 2.3 Evocations


You had 11 spell levels left.
You didn't know any spells.

Dungeon Overview and Level Annotations

Branches:
Dungeon (9/15)             Temple (1/1) D:4            Lair (2/8) D:8
    Orc: D:9-12

Altars:
Ashenzari
Cheibriados
Dithmenos
Elyvilon
Fedhas
Kikubaaqudgha
Makhleb
Nemelex Xobeh
Okawaru
Sif Muna
Trog
Vehumet
Xom
Yredelemnul
Zin
The Shining One

Shops:
D:8 ?   D:9 *

Annotations:
D:4 exclusion: goblin


Innate Abilities, Weirdness & Mutations

You recuperate from illness quickly.
You are small and have problems with some larger weapons.
You are carnivorous and can eat meat at any time.
You can eat rotten meat.
You evolve.


Message History

You hit the frost giant but do no damage.
The frost giant is heavily wounded.
You barely miss the frost giant.
The frost giant is heavily wounded.
You hit the frost giant.
The frost giant is heavily wounded.
The frost giant points at you and mumbles some strange words.
The bolt of cold misses you.
You slash the frost giant!
The frost giant is heavily wounded.
You hit the frost giant but do no damage.
The frost giant is heavily wounded.
The frost giant hits you with a runed great mace!
* * * LOW HITPOINT WARNING * * *
x2 Read which item? (? for menu, Esc to quit)
As you read the scroll of teleportation, it crumbles to dust.
You feel strangely unstable.
The frost giant points at you and mumbles some strange words.
The bolt of cold hits you!
You die...

##..# #..## #..#
#.## #..## ##..# ##
#..# ### ##.# ##.##
##.## #...###@.#
..#.# ##.Y..###C#
.#..≈≈≈##.....##..#
###≈≈≈≈#Y........##
# #≈≈#.#......Y..#
≈≈≈##.........##
≈≈≈#..........#
#≈≈#...###....#
#≈≈# . ##...#


You could see a frost giant.

Vanquished Creatures
  An ice statue (IceCv)
  The ghost of Bonarez the Grave Robber, an experienced OpNe of Sif Muna (D:7)
  6 spiny frogs (Lair:1)
  A feature mimic (Lair:1)
  The ghost of Leibowitz the Ducker, an experienced KoGl (D:4)
  A merfolk (D:9)
  14 polar bears (IceCv)
  5 blink frogs (Lair:1)
  A hydra skeleton (D:9)
  9 yaks (IceCv)
  Eustachio (D:4)
  Grum (D:8)
  A hippogriff (D:9)
  A hungry ghost (D:9)
  A hill giant skeleton (D:7)
  13 wolves
  4 water moccasins (Lair:1)
  3 necrophages
  A black bear (D:7)
  2 ice beasts (IceCv)
  2 ogres
  4 porcupines (Lair:1)
  4 orc warriors
  3 phantoms
  A giant goldfish (Lair:1)
  A sky beast (D:7)
  3 centaurs (D:7)
  2 crocodiles
  7 giant frogs
  A big kobold (D:8)
  3 giant slugs (Lair:1)
  2 scorpions (D:5)
  A troll zombie (D:8)
  7 killer bees
  17 wights
  A quasit (D:7)
  2 crimson imps
  5 iguanas
  3 big fish
  3 orc priests
  6 hounds
  An elf zombie (D:9)
  Crazy Yiuf (D:3)
  4 jellies
  A gnoll shaman (D:5)
  8 orc wizards
  7 worker ants
  Ijyb (D:7)
  Terence (D:3)
  A hound skeleton (D:4)
  11 gnolls
  An orc skeleton (D:9)
  10 adders
  A shadow imp (D:8)
  A giant mite (D:1)
  12 white imps (Lair:2)
  4 worms
  A goliath beetle zombie (D:4)
  An adder skeleton (D:4)
  A giant eyeball (D:4)
  9 giant geckos
  An ooze (D:3)
  15 orcs
  9 bats
  A bat skeleton (D:4)
  A bat zombie (D:7)
  14 hobgoblins
  4 jackals
  17 kobolds
  7 giant cockroaches
  2 giant newts
  16 goblins
  A hobgoblin zombie (D:4)
  A kobold zombie (D:4)
  5 orc zombies
  7 quokkas
  A quokka skeleton (D:5)
  A quokka zombie (D:4)
  21 rats
347 creatures vanquished.

Vanquished Creatures (others)
  An orc (D:7)
1 creature vanquished.

Grand Total: 348 creatures vanquished

Notes
Turn   | Place    | Note
--------------------------------------------------------------
     0 | D:1      | Leibowitz, the Kobold Gladiator, began the quest for the Orb.
     0 | D:1      | Reached XP level 1. HP: 12/12 MP: 1/1
   243 | D:1      | Reached XP level 2. HP: 14/17 MP: 2/2
   355 | D:1      | Reached skill level 1 in Stealth
   932 | D:1      | Reached XP level 3. HP: 17/22 MP: 3/3
  1506 | D:2      | Reached XP level 4. HP: 22/27 MP: 4/4
  2014 | D:2      | Reached skill level 5 in Short Blades
  2014 | D:2      | Reached skill level 5 in Dodging
  2297 | D:3      | Noticed Terence
  2316 | D:3      | Killed Terence
  2316 | D:3      | Reached XP level 5. HP: 18/31 MP: 5/5
  3087 | D:3      | Noticed Crazy Yiuf
  3098 | D:3      | Killed Crazy Yiuf
  3163 | D:3      | Reached XP level 6. HP: 9/37 MP: 6/6
  3843 | D:4      | Found a staircase to the Ecumenical Temple.
  3849 | Temple   | Entered the Ecumenical Temple
  4443 | D:4      | Noticed Eustachio
  4791 | D:4      | Reached skill level 6 in Short Blades
  4791 | D:4      | Reached XP level 7. HP: 7/41 MP: 7/7
  5380 | D:4      | Noticed Leibowitz's ghost (experienced KoGl)
  5396 | D:5      | Entered Level 5 of the Dungeon
  5439 | D:5      | Paralysed by a potion of paralysis for 5 turns
  5444 | D:5      | Gained mutation: Your magical capacity is low (-10% MP). [potion of mutation]
  5444 | D:5      | Gained mutation: You have sharp fingernails. [potion of mutation]
  5444 | D:5      | Gained mutation: You evolve. [potion of mutation]
  5493 | D:5      | Reached skill level 5 in Stealth
  5565 | D:5      | Reached skill level 7 in Dodging
  5705 | D:5      | Reached XP level 8. HP: 43/48 MP: 7/7
  6617 | D:5      | Found a glowing golden altar of the Shining One.
  6872 | D:6      | Reached skill level 5 in Fighting
  6872 | D:6      | Reached skill level 1 in Evocations
  7175 | D:6      | Found a deep blue altar of Sif Muna.
  7215 | D:6      | Identified Sif Muna's Catalogue of Execration (You found it on level 6 of the Dungeon)
  7269 | D:7      | Reached skill level 8 in Dodging
  7279 | D:7      | Noticed Bonarez's ghost (experienced OpNe)
  7301 | D:7      | Reached XP level 9. HP: 37/54 MP: 9/9
  7412 | D:7      | Noticed Ijyb
  7849 | D:7      | Lost mutation: Your magical capacity is low (-10% MP). [evolution]
  8280 | D:7      | Reached skill level 9 in Dodging
  8351 | D:7      | Found a shattered altar of Ashenzari.
  8423 | D:7      | Killed Ijyb
  9746 | D:8      | Reached XP level 10. HP: 51/61 MP: 11/13
 10033 | D:8      | Found a staircase to the Lair.
 10113 | D:8      | Found Potwio's Magic Scroll Emporium.
 10126 | D:8      | Reached skill level 10 in Dodging
 10589 | D:8      | Lost mutation: You have sharp fingernails. [evolution]
 10849 | D:8      | Reached skill level 10 in Stealth
 10859 | D:8      | Noticed Grum
 10976 | D:8      | Killed Grum
 11245 | D:9      | Reached skill level 11 in Dodging
 11308 | D:9      | Got a pitted spear
 11309 | D:9      | Identified the cursed +1,+0 spear "Breutz" {pierce, +Rage} (You found it on level 9 of the Dungeon)
 11372 | D:9      | Found Breoq's General Store.
 11618 | D:9      | Found a snail-covered altar of Cheibriados.
 11748 | D:9      | Reached XP level 11. HP: 64/68 MP: 14/14
 12175 | D:7      | Killed Bonarez's ghost
 12190 | D:6      | Found a sparkling altar of Nemelex Xobeh.
 12258 | D:4      | Killed Leibowitz's ghost
 12370 | D:4      | Found a shadowy altar of Dithmenos.
 12373 | D:4      | Gained mutation: Armour fits poorly on your strangely shaped body. [evolution]
 12375 | D:4      | Became a worshipper of Dithmenos the Shadowed
 12438 | D:4      | Killed Eustachio
 12438 | D:4      | Reached skill level 12 in Stealth
 12732 | Lair:1   | Entered Level 1 of the Lair of Beasts
 13294 | Lair:1   | Reached skill level 10 in Short Blades
 13525 | Lair:1   | Reached skill level 13 in Stealth
 14101 | Lair:1   | Lost mutation: Armour fits poorly on your strangely shaped body. [evolution]
 14302 | Lair:1   | Reached XP level 12. HP: 44/76 MP: 10/16
 14561 | Lair:2   | Found a frozen archway.
 14630 | IceCv    | Entered an ice cave
 14938 | IceCv    | Reached skill level 14 in Stealth
 15719 | IceCv    | Acquired Dithmenos' first power
 15822 | IceCv    | Noticed a frost giant
 15970 | IceCv    | HP: 3/77 [frost giant/runed great mace (10)]
 15971 | IceCv    | Killed from afar by a frost giant

Action                   |  1- 3 |  4- 6 |  7- 9 | 10-12 || total
-------------------------+-------+-------+-------+-------++-------
Melee: Cutlass           |   116 |   308 |   398 |   101 ||   923
       Dagger            |       |       |   396 |    39 ||   435
       Short sword       |       |       |       |   698 ||   698
 Fire: Blowgun           |       |       |       |    38 ||    38
Throw: Throwing net      |       |     6 |     3 |       ||     9
       Stone             |       |       |     4 |    15 ||    19
 Abil: Evoke Flight      |       |       |     1 |       ||     1
Evoke: Wand              |       |       |    18 |     3 ||    21
  Use: Potion            |       |       |    12 |     7 ||    19
       Scroll            |       |       |    15 |     5 ||    20
 Stab: Sleeping          |     2 |     6 |    16 |    42 ||    66
       Held in net/web   |       |     5 |     1 |       ||     6
       Paralysed         |       |       |     4 |       ||     4
